 Dungeon Crawl Stone Soup version 0.30-a0-23-ge60ba3568b (webtiles) character file.

Game seed: 17680576945003328954

11245 Zonian the Covert (level 11, -2/54 HPs)
             Began as a Felid Transmuter on Aug 24, 2022.
             Was an Elder of Dithmenos.
             Slain by Snorg (16 damage)
             ... on level 11 of the Dungeon on Aug 25, 2022.
             The game lasted 01:06:14 (29839 turns).

Zonian the Covert (Felid Transmuter)               Turns: 29839, Time: 01:06:15

Health: -2/54      AC:  6    Str:  6    XL:     11   Next: 46%
Magic:  17/18      EV: 32    Int: 16    God:    Dithmenos [****..]
Gold:   1009       SH:  5    Dex: 20    Spells: 10/18 levels left
                                        Lives:  0   Deaths: 3

rFire   . . .      SeeInvis +      - Unarmed
rCold   . . .      Faith    .    (shield unavailable)
rNeg    . . .      Spirit   .    (body armour unavailable)
rPois   .          Reflect  +    (helmet unavailable)
rElec   .          Harm     .    (cloak unavailable)
rCorr   .          Rampage  .    (gloves unavailable)
Will    .....                    (boots unavailable)
Stlth   ++++++++..               y - amulet of reflection
HPRegen 0.18/turn                f - ring of Xeunom {+Blink Will- AC+4 Slay+5}
MPRegen 0.16/turn                k - +4 ring of evasion

@: appendages, wreathed by umbra, quick
A: horns 2, very small, claws 1, fangs 3, see invisible, speed 1, shaggy fur 2,
stealthy paws, no weapons or thrown items, no armour, multi-lived
a: End Transformation, Renounce Religion, Evoke Blink, Shadow Step


You were on level 11 of the Dungeon.
You worshipped Dithmenos.
Dithmenos was greatly pleased with you.
You had temporarily grown beastly horns.
You visited 3 branches of the dungeon, and saw 17 of its levels.

You collected 1184 gold pieces.
You spent 175 gold pieces at shops.

Inventory:

Jewellery
 b - a ring of positive energy
 f - the ring of Xeunom (left paw) {+Blink Will- AC+4 Slay+5}
   (You acquired it on level 6 of the Dungeon)

   [ring of protection]

   AC:        It affects your AC (+4).
   Slay:      It affects your accuracy & damage with ranged weapons and melee
   (+5).
   +Blink:    It lets you blink.
   Will:      It decreases your willpower.
 j - a ring of protection from cold
 k - a +4 ring of evasion (right paw)
 l - a ring of see invisible
 m - a ring of magical power
 q - an amulet of guardian spirit
 r - a ring of magical power
 v - an amulet of the acrobat
 y - an amulet of reflection (around neck)
 B - a ring of resist corrosion
 I - an amulet of regeneration
Wands
 a - a wand of paralysis (3)
 i - a wand of flame (12)
 u - a wand of polymorph (8)
Scrolls
 c - 5 scrolls of teleportation
 g - 2 scrolls of amnesia
 h - a scroll of torment
 p - 4 scrolls of magic mapping
 w - 5 scrolls of identify
 x - a scroll of butterflies
 E - a scroll of summoning
 F - 2 scrolls of blinking
 G - a scroll of poison
 H - a scroll of silence {unknown}
Potions
 d - 4 potions of cancellation
 e - 3 potions of mutation
 n - a potion of magic
 s - 2 potions of ambrosia
 t - 3 potions of brilliance
 z - 3 potions of curing
 A - 5 potions of lignification
 C - 3 potions of haste
Miscellaneous
 D - a condenser vane (inert)


   Skills:
 + Level 9.7 Fighting
 + Level 12.6 Dodging
 + Level 13.1 Stealth
 + Level 10.1 Unarmed Combat
 - Level 4.3 Spellcasting
 - Level 9.0 Translocations
 - Level 7.0 Transmutations
 + Level 3.3 Invocations
 + Level 3.7 Evocations


You had 10 spell levels left.
You knew the following spells:

 Your Spells              Type           Power      Damage    Failure   Level
a - Beastly Appendage     Tmut           52%        N/A       1%          1
b - Wereblood             Tmut           26%        N/A       1%          2
c - Blink                 Tloc           64%        N/A       1%          2
d - Teleport Other        Tloc           32%        N/A       1%          3

Your spell library contained the following spells:

 Spells                   Type           Power      Damage    Failure   Level
 Gell's Gravitas          Tloc           32%        N/A       1%          3
 Lesser Beckoning         Tloc           32%        N/A       1%          3
 Passwall                 Tmut/Erth      11%        N/A       6%          2
 Manifold Assault         Tloc           32%        N/A       11%         5
 Spider Form              Tmut/Pois      14%        N/A       12%         3
 Sandblast                Erth           6%         2d5       16%         1
 Poisonous Vapours        Pois/Air       6%         N/A       24%         2
 Ice Form                 Ice/Tmut       14%        N/A       36%         4
 Petrify                  Tmut/Erth      14%        N/A       36%         4
 Confusing Touch          Hex            3%         N/A       43%         3
 Inner Flame              Hex/Fire       3%         N/A       43%         3
 Stone Arrow              Conj/Erth      6%         3d7       43%         3
 Dispersal                Tloc           16%        N/A       52%         6
 Yara's Violent Unravell  Hex/Tmut       7%         3d5       71%         5
 Cause Fear               Hex            1%         N/A       85%         4
 Corpse Rot               Necr/Pois/Air  3%         N/A       85%         4
 Dispel Undead            Necr           3%         3d7       85%         4
 Metabolic Englaciation   Hex/Ice        1%         N/A       99%         5
 Statue Form              Tmut/Erth      9%         N/A       99%         6
 Death Channel            Necr           1%         N/A       100%        6
 Enfeeble                 Hex            1%         N/A       100%        7
 Discord                  Hex            1%         N/A       100%        8


Dungeon Overview and Level Annotations

Branches:
Dungeon (11/15)            Temple (1/1) D:5            Lair (5/5) D:8
 Shoals (0/4) Lair:2        Snake (0/4) Lair:2          Orc (0/2) D:9
  Slime: Lair:4-5

Altars:
Ashenzari
Cheibriados
Dithmenos
Elyvilon
Fedhas
Gozag
Hepliaklqana
Kikubaaqudgha
Makhleb
Nemelex Xobeh
Okawaru
Qazlal
Ru
Sif Muna
Trog
Uskayaw
Vehumet
Wu Jian
Xom
Yredelemnul
Zin
The Shining One

Shops:
D:7 (   D:11 *

Portals:
Trove: D:10 (give 12 potions of heal wounds)

Annotations:
D:5 Sigmund
D:7 1 runed translucent door, Crazy Yiuf
D:10 2 runed translucent doors, SensoryNuts's ghost, novice DrFi
D:11 Snorg
Lair:1 Urug
Lair:3 exclusion: oklob plant


Innate Abilities, Weirdness & Mutations

You have temporarily grown beastly horns.
You have sharp claws.
You have razor-sharp teeth.
You have supernaturally acute eyesight. (SInv)
You cover ground quickly. (Speed+)
You are covered in thick fur. (AC +2)
Your paws help you pounce on unaware monsters.
You are incapable of wielding weapons or throwing items.
You cannot wear armour.
You gain extra lives every three experience levels.


Message History

You blink.
Snorg rages.
Unknown command.
Aiming: Iceblast
Press: ? - help, Shift-Dir - straight line, f - Snorg
Aim: Snorg (severely wounded, berserk, umbra)
The mass of ice explodes!
The iceblast engulfs Snorg!
Snorg is severely wounded.
The now-empty wand crumbles to dust.
Unknown command.
Casting: Blink (safe; 1% risk of failure)
Confirm with . or Enter, or press ? or * to list all spells.
Okay, then.
Okay, then.
Okay, then.
You scratch Snorg.
Snorg is severely wounded.
Snorg misses you. Snorg closely misses you. Snorg completely misses you.
You scratch Snorg.
Snorg is severely wounded.
You feel stable enough to blink again.
Snorg completely misses you. x2; You block Snorg's attack.
You closely miss Snorg. You headbutt Snorg! You claw Snorg.
Snorg is almost dead.
Snorg completely misses you. x2; Snorg claws you.
* * * LOW HITPOINT WARNING * * *
Snorg completely misses you. Snorg closely misses you.
Snorg completely misses you.
You claw Snorg! Your headbutt misses Snorg.
Snorg is almost dead.
Snorg completely misses you. You block Snorg's attack.
Snorg claws you but does no damage.
You scratch Snorg. You bite Snorg.
Snorg is almost dead.
You block Snorg's attack. Snorg completely misses you.
Snorg closely misses you.
You scratch Snorg. Your headbutt misses Snorg.
Snorg is almost dead.
Snorg completely misses you. Snorg misses you. Snorg claws you!
You die...

#.).#
#.........#
#..# #...#
#.........#
#..# #...##
#..####...#
#..##
#####.⌠.⌠#
#..# #...#
#....
.......∩.#
#..# #...#
#..##
......⌠.⌠#
#..# #...#
#..#
#####....#
#..# #...#
#..# #...##
#T.# #...#
#..# #...#
#@.# #...#
#..# #...#
#..# #...#
#..# #...#
#..# #...#
#..# #...#
#..# #...#
#..# #...#
#..# #..#
#...# #..#
#..# #...#
#..# #..#
#...# #..#
#...# #..#


You could see Snorg (berserk).

Vanquished Creatures
  2 hydras (Lair:4)
  A boulder beetle (D:9)
  A death yak (Lair:4)
  Nergalle (D:10)
  2 lindwurms (Lair:2)
  3 elephants (Lair:3)
  A gargoyle (D:11)
  4 black mambas (Lair:2)
  7 cane toads
  2 rime drakes
  6 komodo dragons
  Maggie (Lair:1)
  3 trolls
  A merfolk (Lair:2)
  A hornet (D:8)
  A polar bear (Lair:1)
  11 blink frogs
  5 dream sheep
  A vampire (D:10)
  2 shadows
  12 yaks
  A wraith (D:10)
  3 wyverns
  Grum (Lair:1)
  A redback (Lair:4)
  2 nagas (Lair:2)
  6 water moccasins
  3 ice beasts
  7 orc warriors
  A swamp drake (D:9)
  7 black bears
  3 ogres
  7 wolves
  3 centaurs
  A kobold brigand (D:8)
  Blork the orc (D:4)
  2 phantoms
  8 bullfrogs
  2 necrophages
  6 scorpions
  3 killer bees (D:8)
  A jelly (D:7)
  An electric eel (Lair:1)
  A howler monkey (D:6)
  A crimson imp (D:7)
  4 hounds
  7 orc priests
  A gnoll bouda (D:9)
  14 orc wizards
  7 hell rats (Lair:4)
  8 gnolls
  13 river rats
  6 adders
  2 white imps
  5 worms
  2 dart slugs (D:1)
  55 orcs
  5 ball pythons
  9 bats
  10 endoplasms
  6 giant cockroaches
  6 goblins
  4 hobgoblins
  10 jackals (D:2)
  2 quokkas (D:1)
  2 frilled lizards
  18 kobolds
  7 rats
343 creatures vanquished.

Vanquished Creatures (others)
  A killer bee (D:8)
  A bush (Lair:4)
  53 fungi
  48 plants
103 creatures vanquished.

Grand Total: 446 creatures vanquished

Notes
Turn   | Place    | Note
-------+----------+-------------------------------------------
     0 | D:1      | Zonian the Felid Transmuter began the quest for the Orb.
     0 | D:1      | Reached XP level 1. HP: 9/9 MP: 4/4
    86 | D:1      | Reached XP level 2. HP: 11/12 MP: 6/6
   746 | D:1      | Reached XP level 3. HP: 6/15 MP: 5/7
  2932 | D:2      | Learned a level 2 spell: Wereblood
  2977 | D:2      | Found a faded altar of an unknown god.
  3798 | D:3      | Reached XP level 4. HP: 19/19 MP: 8/8
  4648 | D:3      | Noticed a scorpion
  4660 | D:3      | Killed a scorpion
  4661 | D:3      | Reached XP level 5. HP: 19/22 MP: 8/10
  5566 | D:4      | Reached skill level 1 in Stealth
  6024 | D:4      | Noticed a black bear
  6066 | D:4      | Noticed an ogre
  6173 | D:4      | Gained mutation: You are covered in thick fur. (AC +2)
                  | [Felid growth]
  6173 | D:4      | Reached XP level 6. HP: 17/27 MP: 11/11
  6796 | D:3      | Reached skill level 2 in Stealth
  6796 | D:3      | Upgraded the game from 0.30-a0-12-gd8047c6341 to
                  | 0.30-a0-23-ge60ba3568b
  7823 | D:4      | Noticed Blork the orc
  7958 | D:4      | Killed Blork the orc
  7959 | D:4      | Reached skill level 3 in Stealth
  7959 | D:4      | Reached XP level 7. HP: 23/31 MP: 13/13
  8095 | D:4      | Reached skill level 5 in Dodging
  8970 | D:5      | Entered Level 5 of the Dungeon
  9435 | D:4      | Reached skill level 4 in Stealth
 10010 | D:4      | Slain by a black bear
 10011 | D:4      | Reached XP level 6. HP: -5/28 MP: 12/12
 10020 | D:4      | Reached XP level 7. HP: 31/31 MP: 12/14
 10895 | D:5      | Noticed Sigmund
 10898 | D:5      | Reached skill level 5 in Unarmed Combat
 12328 | D:5      | Found a basalt altar of Yredelemnul.
 12466 | D:5      | Found a staircase to the Ecumenical Temple.
 12483 | Temple   | Entered the Ecumenical Temple
 12724 | Temple   | Became a worshipper of Dithmenos the Shadowed
 12781 | D:5      | Reached skill level 5 in Transmutations
 13332 | D:6      | Reached skill level 5 in Stealth
 13332 | D:6      | Reached XP level 8. HP: 30/36 MP: 15/15
 14172 | D:6      | Reached skill level 6 in Stealth
 14607 | D:6      | Reached skill level 5 in Fighting
 14677 | D:6      | Identified a scroll of acquirement
 14677 | D:6      | Acquired the ring of Xeunom {+Blink Will- AC+4 Slay+5}
 15899 | D:7      | Reached XP level 9. HP: 40/40 MP: 16/16
 15959 | D:7      | Found Vapoc's Weapon Shoppe.
 16120 | D:7      | Reached * piety under Dithmenos
 16366 | D:7      | Reached skill level 7 in Stealth
 16523 | D:7      | Identified the +5 plate armour "Timioz" {Will+}
 16734 | D:7      | Found a radiant altar of Vehumet.
 16735 | D:7      | Found a burning altar of Makhleb.
 16976 | D:7      | Found a runed translucent door.
 16977 | D:7      | Noticed Crazy Yiuf
 17422 | D:8      | Found a broken altar of Ashenzari.
 17685 | D:8      | Reached skill level 8 in Stealth
 17688 | D:8      | Learned a level 2 spell: Blink
 17912 | D:8      | Noticed a komodo dragon
 18057 | D:8      | Saw a vision of the Shoals and the Snake Pit.
 18057 | D:8      | Noticed a nagaraja
 18057 | D:8      | Noticed a naga ritualist
 18057 | D:8      | Noticed a black mamba
 18057 | D:8      | Noticed a merfolk
 18057 | D:8      | Noticed a merfolk
 18057 | D:8      | Noticed a merfolk
 18057 | D:8      | Noticed a merfolk siren
 18057 | D:8      | Noticed a manticore
 18057 | D:8      | Noticed a merfolk
 18059 | D:8      | Noticed a salamander
 18059 | D:8      | Noticed an anaconda
 18059 | D:8      | Noticed a cyclops
 18060 | D:8      | Noticed a naga warrior
 18060 | D:8      | Noticed a naga ritualist
 18378 | D:8      | Killed a komodo dragon
 18379 | D:8      | Reached skill level 1 in Translocations
 18389 | D:8      | Found a staircase to the Lair.
 18626 | Lair:1   | Entered Level 1 of the Lair of Beasts
 18626 | Lair:1   | Noticed a polar bear
 18653 | Lair:1   | Killed a polar bear
 18654 | Lair:1   | Reached XP level 10. HP: 46/46 MP: 13/17
 18711 | Lair:1   | Noticed a boulder beetle
 19197 | D:9      | Found a hide-covered altar of Uskayaw.
 19198 | D:9      | Found a stormy altar of Qazlal.
 19198 | D:9      | Found an iron altar of Okawaru.
 19199 | D:9      | Found a shimmering blue altar of Sif Muna.
 19211 | D:9      | Noticed a boulder beetle
 19255 | D:9      | Killed a boulder beetle
 19256 | D:9      | Reached skill level 9 in Stealth
 20174 | D:9      | Found a staircase to the Orcish Mines.
 20280 | D:9      | Reached ** piety under Dithmenos
 20858 | Lair:1   | Reached skill level 5 in Translocations
 20878 | Lair:1   | Reached skill level 10 in Stealth
 21000 | Lair:1   | Noticed an eight-headed hydra
 21050 | Lair:1   | Noticed Maggie
 21051 | Lair:1   | Reached skill level 10 in Dodging
 21167 | Lair:2   | Noticed a black mamba
 21174 | Lair:2   | Killed a black mamba
 21175 | Lair:2   | Reached XP level 11. HP: 50/50 MP: 18/18
 21270 | Lair:1   | Noticed Grum
 21273 | Lair:1   | Killed Grum
 21371 | Lair:1   | Noticed Urug
 21532 | Lair:2   | Noticed a lindwurm
 21590 | Lair:2   | Reached skill level 11 in Stealth
 21599 | Lair:2   | HP: 1/51 [rime drake/flash freeze (9)]
 21600 | Lair:2   | Succumbed to a water moccasin's poison
 21601 | Lair:2   | Reached XP level 10. HP: -1/48 MP: 1/17
 21601 | Lair:2   | Noticed a cane toad
 21603 | Lair:2   | Killed a cane toad
 21719 | Lair:2   | Noticed a cane toad
 21728 | Lair:2   | Killed a cane toad
 21766 | Lair:2   | Noticed a lindwurm
 21768 | Lair:2   | Killed a lindwurm
 21806 | Lair:2   | Killed a lindwurm
 22176 | Lair:2   | Found a staircase to the Shoals.
 22250 | Lair:2   | Reached XP level 11. HP: 52/52 MP: 18/18
 22250 | Lair:2   | Found a staircase to the Snake Pit.
 23095 | Lair:2   | Noticed an eight-headed hydra
 23173 | Lair:3   | Noticed an oklob plant
 24009 | Lair:3   | Reached skill level 12 in Stealth
 25750 | Lair:4   | Learned a level 3 spell: Teleport Other
 25757 | Lair:4   | Noticed a death yak
 25766 | Lair:4   | Reached *** piety under Dithmenos
 25964 | Lair:4   | Noticed a seven-headed hydra
 25973 | Lair:4   | Killed a seven-headed hydra
 25974 | Lair:4   | Reached skill level 1 in Invocations
 25974 | Lair:4   | Reached skill level 1 in Evocations
 26910 | Lair:4   | Killed a death yak
 27024 | Lair:4   | Slain by a dream sheep
 27025 | Lair:4   | Reached XP level 10. HP: 0/49 MP: 17/17
 27194 | Lair:4   | Reached XP level 11. HP: 39/53 MP: 14/18
 27198 | Lair:4   | Noticed an eight-headed hydra
 27208 | Lair:4   | Killed an eight-headed hydra
 27546 | Lair:5   | Entered Level 5 of the Lair of Beasts
 27546 | Lair:5   | Noticed a boulder beetle
 27820 | Lair:1   | Killed Maggie
 27822 | Lair:1   | Reached skill level 10 in Unarmed Combat
 28097 | D:10     | Entered Level 10 of the Dungeon
 28248 | D:10     | Found a portal to a secret trove of treasure.
 28304 | D:10     | Found a large runed translucent door.
 28304 | D:10     | Found a large runed translucent door.
 28306 | D:10     | Noticed SensoryNuts's ghost (novice DrFi)
 28518 | D:10     | Reached **** piety under Dithmenos
 28524 | D:10     | Reached skill level 13 in Stealth
 28782 | D:10     | Noticed Nergalle
 28916 | D:10     | Killed Nergalle
 29594 | D:11     | Found Saehehot's General Store.
 29603 | D:11     | Bought a scroll of blinking for 97 gold pieces
 29603 | D:11     | Bought a scroll of teleportation for 39 gold pieces
 29603 | D:11     | Bought a scroll of teleportation for 39 gold pieces
 29818 | D:11     | Noticed Snorg
 29839 | D:11     | Slain by Snorg

Illustrated notes

Levels and vault maps discovered:
D:1:      saegor_arrival_fortress, layout_rooms, serial_corexii_hall,
          chequers_hall_statues_corner_a, corexii_hall_statues_i,
          corexii_hall_statues_t, chequers_hall_statues_y
D:2:      layout_loops_corners, nicolae_ecumenical_lake_church
D:3:      layout_rooms, kennysheep_nondescript,
          minmay_fractal_squares_diagonal_5
D:4:      layout_rooms, lightli_sewer_entry_pipes, minmay_misc_feat_nine_boxes,
          minmay_misc_feat_cross, uniq_blork_the_orc
D:5:      layout_cave_pools, kennysheep_mini, minmay_temple_entry_poolview,
          dreamdust_gnoll_farm, uniq_sigmund
D:6:      nicolae_cairo_tiling_very_big, layout_gridville
D:7:      layout_gridville, grunt_temple_overflow_lords_of_destruction,
          serial_shops, nicolae_square_shop, uniq_crazy_yiuf_cottage
D:8:      layout_loops_ring, grunt_ashenzari_visionary
          [grunt_ashenzari_visionary_shoals, grunt_ashenzari_visionary_snake],
          grunt_lair_entry_orc_guard_hut, nicolae_kite_square_tiling_tiny
D:9:      layout_roguey, chequers_temple_overflow_statue_of_worship, erik_orc_1
D:10:     layout_roguey, ebering_ghost_disaster_area, serial_curves,
          eino_curves_04, eino_curves_02, eino_curves_04, eino_curves_03,
          enter_trove_3, uniq_nergalle
D:11:     layout_long_grid, serial_shops, shop_fountains, lemuel_nasty_fountain,
          uniq_snorg
Temple:   eino_temple_water
Lair:1:   layout_gridlike, nzn_sisyphean_effort, grunt_megastairs_1,
          infiniplex_staircase_pool, uniq_grum, uniq_maggie, uniq_urug
Lair:2:   nzn_winding_woodlands_stair_cross
          [nzn_winding_woodlands_5x15_split_checker,
          nzn_winding_woodlands_center_diamonds,
          nzn_winding_woodlands_5x15_default,
          nzn_winding_woodlands_5x5_closed_star,
          nzn_winding_woodlands_5x5_three,
          nzn_winding_woodlands_5x15_sidewinder,
          nzn_winding_woodlands_center_triple_pond,
          nzn_winding_woodlands_5x15_river_crossing], layout_regular_city,
          elwin_shoals_entry_rooms, guppyfry_snake_entry_garden,
          nicolae_lair_lindhole
Lair:3:   layout_cave_pods, minmay_lair_oklob_bushes
Lair:4:   layout_roguey, gauntlet_entry_generic, kennysheep_abandoned_house,
          lemuel_fruit_fields
Lair:5:   cheibrodos_lair_end_hotspot, layout_loops_ring, slime_entry_1

Skill      XL: |  1  2  3  4  5  6  7  8  9 10 11 |
---------------+----------------------------------+-----
Dodging        | 3 4 6 7 8 11 12 | 12.6
Fighting       | 2 3 4 5 6 7 9 |  9.7
Transmutations | 3 4 5 6 7 |  7.0
Stealth        | 1 3 5 6 8 10 13 | 13.1
Spellcasting   | 3 4 |  4.3
Unarmed Combat | 4 5 6 7 9 10 | 10.1
Translocations | 2 8 9 |  9.0
Invocations    | 3 |  3.3
Evocations     | 3 |  3.7

Action                   |  1- 3 |  4- 6 |  7- 9 | 10-12 || total
-------------------------+-------+-------+-------+-------++-------
Melee: Unarmed           |   143 |   199 |   403 |   549 ||  1294
       Bite              |    12 |    20 |    52 |    87 ||   171
       Punch             |     3 |    11 |    12 |    35 ||    61
       Headbutt          |     4 |     5 |    79 |   120 ||   208
 Cast: Beastly Appendage |     3 |     4 |    48 |    54 ||   109
       Wereblood         |       |       |    10 |    18 ||    28
       Blink             |       |       |       |     1 ||     1
Evoke: Wand              |       |     7 |     7 |    26 ||    40
       Condenser vane    |       |       |       |     1 ||     1
  Use: Scroll            |     6 |     9 |     8 |    11 ||    34
       Potion            |     1 |     2 |     4 |     6 ||    13
 Stab: Sleeping          |     1 |     2 |     6 |    15 ||    24
       Paralysed         |       |       |     2 |     1 ||     3
       Confused          |       |       |       |     1 ||     1
Armor: Skin              |    15 |     9 |    28 |    31 ||    83
Dodge: Dodged            |   155 |   166 |   389 |   611 ||  1321
Block: Other             |       |       |       |    32 ||    32

Table legend: (Time is in decaauts)
 A = Elapsed time spent in this place.
 B = Non-inter-level travel time spent in this place.
 C = Inter-level travel time spent in this place.
 D = Time resting spent in this place.
 E = Time spent auto-exploring this place.
 F = Levels seen in this place.
 G = Mean time per level.
                   A        B        C        D        E       F      G
               +--------+--------+--------+--------+--------+-----+--------+
         Total |  27563 |  26983 |    580 |  14393 |   7500 |  17 | 1621.4 |
       Dungeon |  20581 |  20125 |    456 |  11006 |   5948 |  11 | 1871.0 |
        Temple |    202 |    194 |      8 |      0 |    159 |   1 |  202.0 |
          Lair |   6780 |   6664 |    116 |   3386 |   1392 |   5 | 1356.0 |
               +--------+--------+--------+--------+--------+-----+--------+

Top non-repeatable levels by time:
     D:4: 4112 daAuts
     D:3: 3033 daAuts
     D:2: 2755 daAuts
     D:6: 2552 daAuts
  Lair:3: 2310 daAuts
     D:8: 2068 daAuts
  Lair:4: 1911 daAuts
  Lair:2: 1791 daAuts
     D:5: 1292 daAuts
     D:9: 1258 daAuts
     D:1: 1125 daAuts
    D:10: 1070 daAuts
     D:7: 873 daAuts
  Lair:1: 747 daAuts
    D:11: 439 daAuts
